 Dungeon Crawl Stone Soup version 0.28.0-53-g5a82cb258f (webtiles) character file.

Game seed: 17588824700931658497

25 tizbic2 the Skirmisher (level 3, -1/31 HPs)
             Began as a Ghoul Fighter on July 17, 2022.
             Slain by an adder (3 damage)
             ... on level 2 of the Dungeon.
             The game lasted 00:04:24 (909 turns).

tizbic2 the Skirmisher (Ghoul Fighter)               Turns: 909, Time: 00:04:25

Health: -1/31      AC:  6    Str: 19    XL:     3   Next: 4%
Magic:  3/3        EV:  9    Int:  5    God:
Gold:   16         SH:  4    Dex:  8    Spells: 4/4 levels left

rFire   . . .      SeeInvis .   j - +0 club
rCold   + . .      Faith    .   c - +0 buckler
rNeg    + + +      Spirit   .   b - +0 scale mail
rPois   ∞          Reflect  .   (no helmet)
rElec   .          Harm     .   (no cloak)
rCorr   +          Rampage  .   (no gloves)
Will    .....                   (no boots)
Stlth   ..........              (no amulet)
HPRegen 0.00/turn               g - ring of resist corrosion
MPRegen 0.08/turn               (no ring)

@: inhibited regen
A: claws 1, cold resistance 1, negative energy resistance 3, inhibited
regeneration, torment resistance 2
a: no special abilities


You were on level 2 of the Dungeon.
You visited 1 branch of the dungeon, and saw 2 of its levels.

You collected 16 gold pieces.

Inventory:

Hand Weapons
 a - a +0 flail
 j - a +0 club (weapon)
Missiles
 f - 62 stones (quivered)
 h - 9 poisoned darts
 k - 20 arrows
Armour
 b - a +0 scale mail (worn)
 c - a +0 buckler (worn)
Jewellery
 g - a ring of resist corrosion (left claw)
Scrolls
 e - 3 scrolls of identify {unknown}
 i - 3 scrolls of silence {unknown}
Potions
 d - a potion of might


   Skills:
 - Level 3.2 Fighting
 - Level 1.7 Maces & Flails
 * Level 3.1 Armour
 - Level 2.6 Shields
 * Level 1.1 Spellcasting
 + Level 0.9 Necromancy


You had 4 spell levels left.
You didn't know any spells.
Your spell library was empty.

Dungeon Overview and Level Annotations

Branches:
Dungeon (2/15)

Altars:

Shops:
D:1 [


Innate Abilities, Weirdness & Mutations

You thrive by killing the living.
You are immune to poison.
You have sharp fingernails.
Your flesh is cold resistant. (rC+)
You are immune to negative energy. (rN+++)
You do not regenerate when monsters are visible.
You are immune to unholy pain and torment.


Message History

The adder closely misses you. The hobgoblin hits you.
You block the adder's attack.
You hit the adder.
The adder is almost dead.
You block the adder's attack. You block the hobgoblin's attack.
You closely miss the adder.
The adder is almost dead.
The adder bites you. You block the hobgoblin's attack.
The adder bites you but does no damage. The hobgoblin completely misses you.
You barely miss the adder.
The adder is severely wounded.
The adder barely misses you. The hobgoblin barely misses you.
The adder bites you but does no damage.
You hit the adder.
The adder is almost dead.
The adder closely misses you. The hobgoblin closely misses you.
You barely miss the adder.
The adder is almost dead.
The adder barely misses you. The hobgoblin hits you.
* * * LOW HITPOINT WARNING * * *
You block the adder's attack.
You hit the adder but do no damage.
The adder is almost dead.
The hobgoblin hits you but does no damage.
You block the adder's attack. The hobgoblin closely misses you.
The adder bites you.
* * * LOW HITPOINT WARNING * * *
You barely miss the adder.
The adder is almost dead.
You block the adder's attack.
The hobgoblin hits you but does no damage.
You hit the adder.
The adder is almost dead.
The adder bites you.
* * * LOW HITPOINT WARNING * * *
The hobgoblin barely misses you. The adder misses you.
You closely miss the adder.
The adder is almost dead.
The adder bites you.
You die...

.........#
........ #
....... ..
#..... ...
#....#...(
#........(
#.g.......
#.@S......
#.........
#.........
#...######
....#
##...#
.....
#....


You could see an adder and a hobgoblin.

Vanquished Creatures
  3 bats (D:1)
  2 endoplasms (D:1)
  2 goblins (D:1)
  A hobgoblin (D:1)
  2 jackals (D:1)
  2 quokkas (D:1)
  3 ball pythons (D:1)
  2 frilled lizards (D:1)
  7 rats (D:1)
  A bush (D:1)
25 creatures vanquished.

Notes
Turn   | Place    | Note
-------+----------+-------------------------------------------
     0 | D:1      | tizbic2 the Ghoul Fighter began the quest for the Orb.
     0 | D:1      | Reached XP level 1. HP: 19/19 MP: 0/0
     7 | D:1      | Noticed a hog
     7 | D:1      | Noticed a water moccasin
     7 | D:1      | Noticed a scorpion
     8 | D:1      | Noticed a lindwurm
   121 | D:1      | Reached XP level 2. HP: 26/26 MP: 1/1
   372 | D:1      | Found Anaujiev's Armour Boutique.
   441 | D:1      | Reached skill level 1 in Spellcasting
   590 | D:1      | Reached XP level 3. HP: 31/31 MP: 3/3
   909 | D:2      | Slain by an adder

Illustrated notes

Levels and vault maps discovered:
D:1:      onia_arrival_zoo_common, layout_loops_cross, serial_shops,
          nicolae_lakefront_shop, minmay_hedge_maze
D:2:      minmay_diamond_boxcup, layout_basic, ebering_ecumenical_altar_hall,
          uniq_terence

Skill      XL: |  1  2 |
---------------+-------+-----
Armour         | 3 |  3.1
Spellcasting   | 1 |  1.1
Fighting       | |  3.2
Maces & Flails | |  1.7
Shields        | |  2.6
Necromancy     | |  0.9

Action                   || total
-------------------------++-------
Melee: Flail             ||    95
       Club              ||    59
Throw: Stone             ||     2
Armor: Scale mail        ||    51
Dodge: Dodged            ||    60
Block: Buckler           ||    21
